 Dungeon Crawl Stone Soup version 0.28-a0-1506-g3893175d92 (webtiles) character file.

Game seed: 4187761409957688772

461 HallandMoats the Skirmisher (level 7, 0/60 HPs)
             Began as a Ghoul Fighter on Jan 14, 2022.
             Was a Follower of Okawaru.
             Slain by an adder (3 damage)
             ... on level 5 of the Dungeon.
             The game lasted 00:03:27 (3371 turns).

HallandMoats the Skirmisher (Ghoul Fighter)         Turns: 3371, Time: 00:03:28

Health: 0/60       AC:  6    Str: 20    XL:     7   Next: 7%
Magic:  8/8        EV: 10    Int:  5    God:    Okawaru [*.....]
Gold:   196        SH:  0    Dex:  8    Spells: 6/6 levels left

rFire   . . .      SeeInvis .   a - +0 great sword
rCold   + . .      Faith    .   (shield currently unavailable)
rNeg    + + +      Spirit   .   o - +0 scale mail
rPois   ∞          Reflect  .   (no helmet)
rElec   .          Harm     .   (no cloak)
rCorr   .          Rampage  .   (no gloves)
Will    .....                   (no boots)
Stlth   ..........              (no amulet)
HPRegen 0.00/turn               (no ring)
MPRegen 0.11/turn               (no ring)

@: inhibited regen
A: claws 1, cold resistance 1, negative energy resistance 3, inhibited
regeneration, torment resistance 2
a: Renounce Religion, Heroism


You were on level 5 of the Dungeon.
You worshipped Okawaru.
Okawaru was aware of your devotion.
You visited 1 branch of the dungeon, and saw 5 of its levels.

You collected 196 gold pieces.

Inventory:

Hand Weapons
 a - a +0 great sword (weapon)
 b - a +2 short sword of venom
 j - a +0 long sword
Armour
 c - a +0 buckler
 o - a +0 scale mail (worn)
Scrolls
 e - 5 scrolls of identify {unknown}
 f - 2 scrolls of fog {unknown}
 g - a scroll of magic mapping {unknown}
 k - a scroll of teleportation {unknown}
 l - a scroll of immolation {unknown}
 m - a scroll of blinking {unknown}
 n - a scroll of noise {unknown}
 p - a scroll of vulnerability {unknown}
Potions
 d - a potion of might
 h - a potion of cancellation {unknown}
 i - a potion of heal wounds {unknown}


   Skills:
 + Level 4.3 Fighting
 + Level 2.8 Long Blades
 + Level 3.4 Armour
 + Level 1.7 Dodging
 * Level 4.2 Shields
 * Level 3.6 Invocations


You had 6 spell levels left.
You didn't know any spells.
Your spell library contained the following spells:

 Spells                   Type           Power      Damage    Failure   Level
 Apportation              Tloc           0%         N/A       83%         1
 Magic Dart               Conj           0%         1d3       83%         1
 Sting                    Tmut/Pois      0%         1d3       83%         1
 Blink                    Tloc           0%         N/A       92%         2
 Scorch                   Fire           0%         2d5       92%         2
 Lesser Beckoning         Tloc           0%         N/A       99%         3
 Mephitic Cloud           Conj/Pois/Air  0%         N/A       99%         3
 Alistair's Intoxication  Tmut/Pois      0%         N/A       100%        5
 Irradiate                Conj/Tmut      0%         3d13      100%        5
 Manifold Assault         Tloc           0%         N/A       100%        5
 Starburst                Conj/Fire      0%         6d3       100%        6
 Orb of Destruction       Conj           0%         N/A       100%        7
 Ignition                 Fire           0%         3d3       100%        8
 Fire Storm               Conj/Fire      0%         5d1       100%        9
 Call Imp                 Summ           Unusable   N/A       N/A         2
 Summon Guardian Golem    Hex/Summ       Unusable   N/A       N/A         3
 Blade Hands              Tmut           Unusable   N/A       N/A         5
 Spellforged Servitor     Conj/Summ      Unusable   N/A       N/A         7

Dungeon Overview and Level Annotations

Branches:
Dungeon (5/15)             Temple (0/1) D:4

Altars:
Kikubaaqudgha
Okawaru

Shops:
D:4 *

Annotations:
D:3 3 runed translucent doors, oldriver's ghost, amateur GnGl


Innate Abilities, Weirdness & Mutations

You thrive by killing the living.
You are immune to poison.
You have sharp fingernails.
Your flesh is cold resistant. (rC+)
You are immune to negative energy. (rN+++)
You do not regenerate when monsters are visible.
You are immune to unholy pain and torment.


Message History

You barely miss the black bear.
The black bear is almost dead.
The black bear closely misses you.
The black bear claws you but does no damage.
The black bear claws you. The black bear barely misses you.
The black bear closely misses you. x2; The black bear bites you.
The black bear claws you. x2
You hit the black bear but do no damage.
The black bear is almost dead.
The black bear bites you but does no damage.
The black bear claws you but does no damage.
The black bear claws you. The black bear bites you.
* * * LOW HITPOINT WARNING * * *
The black bear barely misses you. x2
You completely miss the black bear.
The black bear is almost dead.
The black bear bites you!
* * * LOW HITPOINT WARNING * * *
The black bear barely misses you.
The black bear claws you but does no damage.
The black bear bites you but does no damage.
The black bear claws you but does no damage.
The black bear misses you.
You hit the black bear.
You kill the black bear!
Okawaru is honoured by your kill. The adder bites you.
* * * LOW HITPOINT WARNING * * *
You have reached level 7!
You completely miss the adder. The adder barely misses you.
The adder bites you but does no damage. x2
Unknown command.
You slash the adder!
The adder is almost dead.
The adder bites you but does no damage.
Unknown command.
You completely miss the adder.
The adder is almost dead.
The adder bites you.
You die...

#)# #.#. #.# #.## #.#
#.# #<# .. #.# #.# ..
#.# #.# .## #<#
#.####...##. #.#
#...........####.#
#.#@###.......†...##
#.###SZ..............
## #.#........#######
#.##..##..## #.
###........# ...
#.......... ###.
#..(.>..... ##
##........# #
#........# #


You could see an adder and a bullfrog skeleton.

Vanquished Creatures
  A black bear (D:5)
  A necrophage (D:4)
  An ogre (D:5)
  A scorpion (D:5)
  A hound (D:4)
  2 adders
  A white imp (D:3)
  A worm (D:3)
  2 dart slugs
  11 orcs
  4 endoplasms
  3 giant cockroaches
  3 goblins
  4 hobgoblins
  6 jackals
  3 quokkas (D:2)
  A ball python (D:3)
  7 bats
  3 frilled lizards
  9 kobolds
  8 rats
73 creatures vanquished.

Vanquished Creatures (others)
  4 plants (D:3)
4 creatures vanquished.

Grand Total: 77 creatures vanquished

Notes
Turn   | Place    | Note
-------+----------+-------------------------------------------
     0 | D:1      | HallandMoats the Ghoul Fighter began the quest for the Orb.
     0 | D:1      | Reached XP level 1. HP: 19/19 MP: 0/0
    49 | D:1      | Reached XP level 2. HP: 21/26 MP: 1/1
   361 | D:1      | Reached skill level 1 in Invocations
   691 | D:2      | Reached XP level 3. HP: 31/31 MP: 2/2
  1120 | D:3      | Found a runed translucent gate.
  1120 | D:3      | Found a runed translucent gate.
  1123 | D:3      | Found a runed translucent gate.
  1124 | D:3      | Noticed oldriver's ghost (amateur GnGl)
  1476 | D:3      | Reached XP level 4. HP: 37/40 MP: 4/4
  1770 | D:3      | Found an iron altar of Okawaru.
  1800 | D:3      | Became a worshipper of Warmaster Okawaru
  1832 | D:3      | Found a faded altar of an unknown god.
  2253 | D:4      | Found a staircase to the Ecumenical Temple.
  2266 | D:4      | Got Goleof's Incunabulum of Moulding and Heat
  2612 | D:4      | Noticed a necrophage
  2621 | D:4      | Killed a necrophage
  2622 | D:4      | Reached skill level 1 in Dodging
  2622 | D:4      | Reached XP level 5. HP: 25/46 MP: 5/5
  2817 | D:4      | Found Atin Cetoa's Assorted Antiques.
  2824 | D:4      | Reached XP level 6. HP: 52/52 MP: 7/7
  2888 | D:4      | Found an ancient bone altar of Kikubaaqudgha.
  3167 | D:5      | Entered Level 5 of the Dungeon
  3209 | D:5      | Got the Papyrus of Excruciating Toxins
  3244 | D:5      | Reached * piety under Okawaru
  3356 | D:5      | Noticed a black bear
  3368 | D:5      | Killed a black bear
  3368 | D:5      | HP: 2/52 [adder (2)]
  3369 | D:5      | Reached XP level 7. HP: 3/60 MP: 8/8
  3371 | D:5      | Slain by an adder

Illustrated notes

Levels and vault maps discovered:
D:1:      minmay_arrival_up_and_down, layout_rooms
D:2:      layout_rooms, serial_glass, glass_columns_a, glass_columns_b,
          glass_columns_a, glass_columns_a, glass_columns_b, glass_columns_a,
          glass_columns_a, glass_columns_a
D:3:      layout_rooms, marbit_many_paths, ebering_ghost_rock_garden,
          hellmonk_ecumenical_altar_inner_sanctum, serial_bayou_pond_b,
          fountainhead
D:4:      layout_basic, mainiacjoe_overflow_cross_hatched,
          minmay_temple_entry_offerings, serial_shops, shop
D:5:      layout_loops_ring, st_stairs_5, uniq_blork_the_orc, uniq_pikel

Skill      XL: |  1  2  3  4  5  6 |
---------------+-------------------+-----
Invocations    | 1 2 3 |  3.6
Shields        | 3 4 |  4.2
Long Blades    | 2 |  2.8
Armour         | 3 |  3.4
Fighting       | 4 |  4.3
Dodging        | 1 |  1.7

Action                   |  1- 3 |  4- 6 |  7- 9 || total
-------------------------+-------+-------+-------++-------
Melee: Long sword        |    97 |       |       ||    97
       Great sword       |       |   127 |     3 ||   130
Armor: Scale mail        |    56 |    97 |     3 ||   156
Dodge: Dodged            |    60 |   101 |     1 ||   162
Block: Buckler           |    24 |     1 |       ||    25

Table legend: (Time is in decaauts)
 A = Elapsed time spent in this place.
 B = Non-inter-level travel time spent in this place.
 C = Inter-level travel time spent in this place.
 D = Time resting spent in this place.
 E = Time spent auto-exploring this place.
 F = Levels seen in this place.
 G = Mean time per level.
                   A        B        C        D        E       F      G
               +--------+--------+--------+--------+--------+-----+--------+
         Total |   3484 |   3370 |    114 |      0 |   2728 |   5 |  696.8 |
       Dungeon |   3484 |   3370 |    114 |      0 |   2728 |   5 |  696.8 |
               +--------+--------+--------+--------+--------+-----+--------+

Top non-repeatable levels by time:
     D:4: 1067 daAuts
     D:3: 1064 daAuts
     D:1: 591 daAuts
     D:2: 548 daAuts
     D:5: 213 daAuts
